[Event "Team 45 45 League T45"]
[Site "Internet Chess Club"]
[Date "2010.06.26"]
[Round "8"]
[White "Ptzz"]
[Black "Monsoon-Smith"]
[Result "1-0"]
[WhiteElo "2120"]
[BlackElo "2137"]
[Opening "King's Indian: orthodox, Aronin-Taimanov, bayonet attack"]
[ECO "E97"]
[Time "13:02:53"]
[TimeControl "2700+45"]

1. d4 Nf6 2. c4 g6 3. Nc3 Bg7 4. e4 d6 5. Be2 O-O 6. Nf3 e5 7. O-O Nc6 8. d5 Ne7
9. b4 Nh5 10. Re1 f5 11. Ng5 Nf6 12. Bf3 c6 13. Bb2 h6 14. Ne6 Bxe6 15. dxe6
fxe4 16. Nxe4 Nxe4 17. Rxe4 Nf5 18. Re1 Qe7 19. b5 Rac8 20. Qa4 Qxe6 21. bxc6
bxc6 22. Bxc6 Kh7 23. Bd5 Qe7 24. f4 Qc7 25. Rab1 exf4 26. Bxg7 Qxg7 27. Rb7 Rc7
28. Reb1 Qd4+ 29. Kh1 Rxb7 30. Bxb7 Rf7 31. Bc8 Ne3 32. Qe8 Rg7 33. Be6 Qe4 34.
Bg8+ {Black resigns} 1-0

[Event "Team 45 45 League T45"]
[Site "Internet Chess Club"]
[Date "2010.06.27"]
[Round "8"]
[White "Freitac"]
[Black "Jack-ONeill"]
[Result "1/2-1/2"]
[WhiteElo "1958"]
[BlackElo "2049"]
[Opening "Budapest: Adler variation"]
[ECO "A52"]
[Time "11:01:16"]
[TimeControl "2700+45"]

1. d4 Nf6 2. c4 e5 3. dxe5 Ng4 4. Nf3 Nc6 5. Bd2 Ngxe5 6. Nxe5 Nxe5 7. e3 d6 8.
Be2 Be7 9. Bc3 O-O 10. Nd2 Re8 11. O-O Bd7 12. c5 Bc6 13. Nf3 Nxf3+ 14. Bxf3 Qd7
15. Bxc6 Qxc6 16. Qg4 Bf8 17. cxd6 Qxd6 18. Rfd1 Qg6 19. Qxg6 hxg6 20. Rd3 Rad8
21. Rad1 Be7 22. Kf1 Rxd3 23. Rxd3 Rd8 24. Ke2 f6 25. e4 Kf7 26. Rg3 Rh8 27. h3
Bd6 28. Rd3 Re8 29. Kf3 a6 30. Ba5 Re5 31. Bc3 Re8 32. Bd2 Re7 33. Bf4 Ke6 34.
Bxd6 cxd6 35. Ke3 Rc7 36. Rc3 Rd7 37. Rc8 d5 38. Re8+ Kf7 39. Rc8 Ke6 40. Re8+
Kf7 41. Rb8 Ke6 42. Re8+ Kf7 {Game drawn by repetition} 1/2-1/2

[Event "Team 45 45 League T45"]
[Site "Internet Chess Club"]
[Date "2010.06.29"]
[Round "8"]
[White "Zumbi"]
[Black "Uragon-bocho"]
[Result "1-0"]
[WhiteElo "2027"]
[BlackElo "2044"]
[Opening "Sicilian: Nimzovich-Rubinstein variation"]
[ECO "B29"]
[Time "16:53:28"]
[TimeControl "2700+45"]

1. e4 c5 2. Nf3 Nf6 3. e5 Nd5 4. g3 Nc6 5. Bg2 d6 6. exd6 Qxd6 7. O-O Bg4 8. h3
Bh5 9. d4 e6 10. c4 Nb6 11. Bf4 Qd7 12. g4 Bg6 13. dxc5 Bxc5 14. Qxd7+ Nxd7 15.
Nc3 O-O 16. Rfd1 Nb6 17. b3 Bb4 18. Ne2 Bc2 19. Rdc1 Bd3 20. Ned4 Nxd4 21. Nxd4
e5 22. Bxe5 Bd2 23. Bxb7 Rad8 24. Nc6 Rd7 25. Rd1 Bc2 26. Rxd2 Rxd2 27. Nb4 Bg6
28. Nd5 Nxd5 29. Bxd5 Re8 30. Bf4 Rd3 31. Be3 Re7 32. Rc1 Rc7 33. Bf3 f5 34. Be2
Rd8 35. c5 fxg4 36. Bxg4 Be4 37. b4 Bc6 38. Be2 Rb7 39. a3 h6 40. Ba6 Rbd7 41.
b5 Rd1+ 42. Rxd1 Rxd1+ 43. Kh2 Be4 44. h4 Rd3 45. b6 Rxa3 46. b7 Bxb7 47. Bxb7
Rc3 48. c6 Rc4 49. Bxa7 {Black resigns} 1-0

[Event "Team 45 45 League T45"]
[Site "Internet Chess Club"]
[Date "2010.06.27"]
[Round "8"]
[White "AntonioMendonca"]
[Black "Despair"]
[Result "1-0"]
[WhiteElo "1582"]
[BlackElo "1991"]
[Opening "Alekhine's defense: Scandinavian variation"]
[ECO "B02"]
[Time "18:02:40"]
[TimeControl "2700+45"]

1. e4 Nf6 2. Nc3 d5 3. exd5 Nxd5 4. Bc4 Nb6 5. Bb3 a5 6. Qh5 e6 7. d3 a4 8. Bg5
Be7 9. Bxe7 Qxe7 10. Bc4 Nxc4 11. Qb5+ Nc6 12. Qxc4 a3 13. b3 Qb4 14. Ne2 Qxc4
15. dxc4 Nb4 16. Nb5 O-O 17. Nxc7 Ra5 18. Kd2 Rc5 19. Nb5 Rd8+ 20. Kc1 b6 21.
Nxa3 Bb7 22. f3 Rg5 23. Ng3 h5 24. Rg1 h4 25. Ne4 Bxe4 26. fxe4 h3 27. g3 Re5
28. Rd1 Ra8 29. Kb2 Rxe4 30. Rd2 Re3 31. Rad1 Nc6 32. c3 e5 33. Nc2 Rf3 34. Nb4
Nxb4 35. cxb4 e4 36. c5 b5 37. Re2 e3 38. Rde1 Re8 39. a4 Rf2 40. axb5 Rg2 41.
Kc3 Rb8 42. b6 Kh7 43. Kd4 Rf2 44. Kxe3 Rf5 45. Kd4 Kg6 46. Kc4 Kf6 47. Kb5 Rf3
48. Re3 Rf2 49. R1e2 Rf1 50. c6 Rf5+ 51. Ka6 {Black resigns} 1-0

[Event "Team 45 45 League T45"]
[Site "Internet Chess Club"]
[Date "2010.06.28"]
[Round "8"]
[White "Andressa"]
[Black "MrKarma"]
[Result "0-1"]
[WhiteElo "1522"]
[BlackElo "1624"]
[Opening "Sicilian: closed, 2...Nc6"]
[ECO "B23"]
[Time "19:09:50"]
[TimeControl "2700+45"]

1. e4 c5 2. Nc3 Nc6 3. Nf3 d6 4. Bc4 e6 5. O-O Be7 6. h3 Bf6 7. a3 a6 8. Re1 b5
9. Be2 Nd4 10. d3 Bb7 11. Nxd4 Bxd4 12. Bd2 Qh4 13. Be3 Ne7 14. Qd2 O-O 15. Kh2
Bxe3 16. Qxe3 Ng6 17. g3 Qf6 18. Qf3 Qd4 19. Nd1 f5 20. Qe3 Qxe3 21. Nxe3 fxe4
22. Kg1 Ne5 23. Rf1 exd3 24. cxd3 Nf3+ 25. Bxf3 Bxf3 26. Rfe1 Rae8 27. Nc2 e5
28. b4 e4 29. dxe4 Bxe4 30. Ne3 Bf3 31. bxc5 dxc5 32. Rac1 c4 33. Rc3 Rd8 34.
Nc2 Rd3 35. Rxd3 cxd3 36. Ne3 d2 37. Rb1 Rd8 38. Nd1 Bxd1 39. Rxd1 Rd3 40. Kf1
Kf7 41. Ke2 Rd5 42. Rxd2 Rxd2+ 43. Kxd2 Ke6 44. Kd3 Ke5 45. f4+ Kd5 46. g4 a5
47. f5 Ke5 48. Ke3 b4 49. a4 h6 50. h4 b3 51. Kd3 Kf4 52. Kc3 Kxg4 53. Kxb3 Kxf5
54. Kc4 Kg4 55. Kb5 Kxh4 56. Kxa5 g5 57. Kb5 g4 58. a5 g3 59. a6 g2 60. a7 g1=Q
61. a8=Q Qb1+ 62. Kc5 Qc2+ 63. Kb5 Qd3+ 64. Kb4 Qd4+ 65. Kb3 Qe3+ 66. Kb4 Qf4+
67. Kc3 Qf6+ 68. Kd3 Qg6+ 69. Kc3 Qg3+ 70. Kb4 h5 71. Qh1+ Kg4 72. Qd1+ Qf3 73.
Qd7+ Kg3 74. Kc4 Qg4+ 75. Qxg4+ Kxg4 76. Kd3 Kg3 77. Ke2 Kg2 78. Ke3 h4 79. Kf4
h3 80. Kg4 h2 81. Kf5 h1=Q {White resigns} 0-1

[Event "Team 45 45 League T45"]
[Site "Internet Chess Club"]
[Date "2010.06.28"]
[Round "8"]
[White "Magagna"]
[Black "Electryon"]
[Result "1-0"]
[WhiteElo "1863"]
[BlackElo "1417"]
[Opening "King's Indian: Sämisch, orthodox, 7.d5"]
[ECO "E87"]
[Time "20:04:54"]
[TimeControl "2700+45"]

1. d4 Nf6 2. c4 g6 3. Nc3 Bg7 4. e4 d6 5. f3 O-O 6. Be3 e5 7. d5 Ne8 8. Bd3 f5
9. Nge2 fxe4 10. fxe4 Bg4 11. Qd2 c6 12. O-O-O cxd5 13. cxd5 a6 14. h3 Bxe2 15.
Bxe2 b5 16. Bg4 Qc7 17. Kb1 Nd7 18. Be6+ Kh8 19. h4 Nef6 20. Rc1 Qd8 21. h5 Nxh5
22. Bh6 Qe7 23. g4 Nf4 24. Bxf4 Rxf4 25. Ne2 Rxe4 26. Rxh7+ Kxh7 27. Rh1+ {Black
resigns} 1-0

[Event "Team 45 45 League T45"]
[Site "Internet Chess Club"]
[Date "2010.06.28"]
[Round "8"]
[White "JWB"]
[Black "gerailen0075"]
[Result "1-0"]
[WhiteElo "1725"]
[BlackElo "1746"]
[Opening "Catalan: open, 5.Nf3"]
[ECO "E04"]
[Time "15:00:21"]
[TimeControl "2700+45"]

1. c4 e6 2. Nf3 Nf6 3. g3 d5 4. d4 dxc4 5. Bg2 a6 6. O-O c5 7. dxc5 Qxd1 8. Rxd1
Bxc5 9. Ne5 O-O 10. Nxc4 Ng4 11. e3 Nc6 12. Nc3 Rd8 13. Rxd8+ Nxd8 14. a3 Rb8
15. b4 Ba7 16. h3 b5 17. Nd6 Ne5 18. Nxc8 Rxc8 19. Bd2 Nc4 20. Be1 Kf8 21. a4
Nxe3 22. fxe3 Bxe3+ 23. Kf1 Bd4 24. axb5 axb5 25. Ra8 Rxa8 26. Bxa8 Bxc3 27.
Bxc3 f6 28. Bf3 Nf7 29. Bd4 Ke7 30. Be2 {Black resigns} 1-0

[Event "Team 45 45 League T45"]
[Site "Internet Chess Club"]
[Date "2010.06.28"]
[Round "8"]
[White "ILRE"]
[Black "philosopherking"]
[Result "1-0"]
[WhiteElo "1515"]
[BlackElo "1505"]
[Opening "French: exchange variation"]
[ECO "C01"]
[Time "20:00:04"]
[TimeControl "2700+45"]

1. e4 e6 2. d4 d5 3. exd5 exd5 4. Bd3 Nf6 5. Nf3 Bg4 6. O-O Be7 7. Be2 Nc6 8. c3
O-O 9. Bf4 Re8 10. Nbd2 Bd6 11. Bxd6 Qxd6 12. Re1 Re7 13. Nf1 Rae8 14. Ne3 Bd7
15. Qd2 Qf4 16. Qc2 Na5 17. Ne5 Nc6 18. Nxd7 Rxd7 19. Qb3 Ne4 20. Bf3 Nd2 21.
Qd1 Nxf3+ 22. Qxf3 Qxf3 23. gxf3 h6 24. Re2 Rde7 25. Rae1 f5 26. Kf1 f4 27. Nxd5
Rxe2 28. Rxe2 Rxe2 29. Kxe2 Na5 30. Nxc7 Nc4 31. b3 Nd6 32. Kd3 Kf7 33. c4 g5
34. Nb5 Nxb5 35. cxb5 Ke6 36. Ke4 b6 37. b4 Kd6 38. a4 Ke6 39. a5 Kd6 40. axb6
axb6 41. d5 Kd7 42. Ke5 Ke7 43. d6+ Kd8 44. Ke6 Ke8 45. d7+ Kd8 46. Kd6 h5 47.
Kc6 g4 48. fxg4 hxg4 49. Kxb6 Kxd7 50. Ka7 g3 51. hxg3 fxg3 52. fxg3 {Black
resigns} 1-0

[Event "Team 45 45 League T45"]
[Site "Internet Chess Club"]
[Date "2010.06.25"]
[Round "8"]
[White "FractalDante"]
[Black "BrandonBee"]
[Result "0-1"]
[WhiteElo "1450"]
[BlackElo "1554"]
[Opening "Sicilian: Kan, 5.Nc3"]
[ECO "B43"]
[Time "15:00:21"]
[TimeControl "2700+45"]

1. e4 c5 2. Nf3 e6 3. Nc3 a6 4. d4 cxd4 5. Nxd4 b5 6. Bd3 Qb6 7. Nb3 Qc7 8. Be3
Bb7 9. O-O Nf6 10. a3 d6 11. Nd2 Nbd7 12. b4 Qxc3 13. f3 Ne5 14. Nb3 Rc8 15. Bd4
Qc7 16. Bxe5 dxe5 17. Qe2 Be7 18. Rac1 O-O 19. c4 bxc4 20. Bxc4 Qb6+ 21. Kh1
Rfd8 22. Na5 Rc7 23. Nxb7 Rxb7 24. h3 Nh5 25. Qe1 Rc7 {White resigns} 0-1

[Event "Team 45 45 League T45"]
[Site "Internet Chess Club"]
[Date "2010.06.26"]
[Round "8"]
[White "fishhead"]
[Black "VietLion"]
[Result "0-1"]
[WhiteElo "2071"]
[BlackElo "1917"]
[Opening "Caro-Kann: two knights, 3...Bg4"]
[ECO "B10"]
[Time "16:02:22"]
[TimeControl "2700+45"]

1. e4 c6 2. Nf3 d5 3. Nc3 Bg4 4. h3 Bxf3 5. Qxf3 Nf6 6. exd5 cxd5 7. Bb5+ Nc6 8.
O-O e6 9. d4 Be7 10. Ne2 O-O 11. c3 e5 12. dxe5 Nxe5 13. Qf5 Nc4 14. Qd3 Qc7 15.
Bf4 Qc5 16. Bxc4 dxc4 17. Qf3 Qh5 18. g4 Qd5 19. Kg2 Qxf3+ 20. Kxf3 Rfd8 21. Nd4
Rd5 22. Be3 Nd7 23. Nf5 Bf6 24. Rad1 Rxd1 25. Rxd1 Ne5+ 26. Ke2 g6 27. Nd6 b5
28. Rd5 a6 29. Bd4 Nd3 30. Ke3 Bxd4+ 31. Kxd4 Nxf2 32. a4 bxa4 33. Nxc4 Rb8 34.
Ra5 Nxh3 35. Rxa4 Nf2 36. g5 Nh3 37. Rxa6 Nxg5 38. b4 h5 39. Nd6 h4 40. Ke3 Ne6
41. b5 Nc7 42. Ra5 Rb6 43. Ra4 Rxd6 44. c4 Ne6 45. Ra8+ Kg7 46. Rc8 h3 47. Kf2
h2 48. Kg2 Rd2+ 49. Kh1 Ng5 50. Re8 Nf3 {White resigns} 0-1

[Event "Team 45 45 League T45"]
[Site "Internet Chess Club"]
[Date "2010.06.27"]
[Round "8"]
[White "John3v16"]
[Black "isolani"]
[Result "1-0"]
[WhiteElo "1718"]
[BlackElo "1488"]
[Opening "Queen's Indian: 4.Nc3"]
[ECO "E12"]
[Time "09:04:06"]
[TimeControl "2700+45"]

1. c4 Nf6 2. d4 e6 3. Nf3 b6 4. Nc3 Bb7 5. Qc2 Be7 6. e4 O-O 7. Bd3 Nc6 8. a3 g6
9. e5 Nh5 10. Be3 f5 11. exf6 Bxf6 12. O-O-O Ne7 13. Be2 Nf5 14. Kb1 Nxe3 15.
fxe3 d5 16. b4 c5 17. dxc5 bxc5 18. cxd5 cxb4 19. dxe6 Qb6 20. Na4 b3 21. Qc4
Be7 22. Nxb6 axb6 23. Qc7 Bf6 24. Qxb7 Rxa3 25. Nd4 Rfa8 26. Bxh5 Ra1+ 27. Kb2
R8a2+ 28. Kc3 Rc2+ 29. Kb4 {Black resigns} 1-0

[Event "Team 45 45 League T45"]
[Site "Internet Chess Club"]
[Date "2010.06.25"]
[Round "8"]
[White "RayF"]
[Black "The-Capitalist"]
[Result "1-0"]
[WhiteElo "1711"]
[BlackElo "1398"]
[Opening "QGD semi-Slav: 5...Nd7"]
[ECO "D45"]
[Time "21:00:10"]
[TimeControl "2700+45"]

1. d4 d5 2. c4 c6 3. Nf3 Nf6 4. Nc3 e6 5. e3 Nbd7 6. Be2 Bd6 7. O-O O-O 8. Qc2
Re8 9. b3 dxc4 10. bxc4 e5 11. Rb1 Qe7 12. c5 Bc7 13. Bc4 b5 14. cxb6 Nxb6 15.
Bb3 Be6 16. dxe5 Bxb3 17. Qxb3 Bxe5 18. Ba3 Qe6 19. Nxe5 Qxb3 20. axb3 Rxe5 21.
Rbc1 Nbd5 22. Nxd5 Rxd5 23. Rxc6 Rad8 24. Be7 Re8 25. Bxf6 gxf6 26. Rxf6 Red8
27. Ra6 Rb5 28. Rxa7 Rdb8 29. Rb1 Rxb3 30. Rxb3 Rxb3 31. g4 Rb5 32. Kg2 h5 33.
h3 h4 34. Kf3 Kg7 35. Ra6 f6 36. Kf4 Kg6 37. f3 Rb4+ 38. e4 Rb5 39. Ra8 Rb2 40.
Rh8 f5 41. exf5+ Kg7 42. Rxh4 Rb4+ 43. Kg5 Rb6 44. f6+ Rxf6 45. Rh7+ Kxh7 46.
Kxf6 Kh6 47. g5+ Kh7 48. g6+ Kg8 49. g7 {Black resigns} 1-0

[Event "Team 45 45 League T45"]
[Site "Internet Chess Club"]
[Date "2010.06.28"]
[Round "8"]
[White "Skyler"]
[Black "carambola"]
[Result "0-1"]
[WhiteElo "1343"]
[BlackElo "1378"]
[Opening "Caro-Kann defense"]
[ECO "B12"]
[Time "17:01:12"]
[TimeControl "2700+45"]

1. e4 c6 2. d4 d6 3. Nf3 Bg4 4. h3 Bh5 5. Be3 Bg6 6. Nc3 h6 7. Qd2 Qa5 8. Bc4
Nd7 9. O-O-O Ngf6 10. Bd3 e6 11. Nh4 Bxe4 12. Bxe4 Nxe4 13. Nxe4 Qxa2 14. Nc3
Qa1+ 15. Nb1 Nb6 16. f4 Nc4 17. Qc3 d5 18. f5 Qa4 19. fxe6 Bb4 20. Qd3 O-O-O 21.
exf7 Rhf8 22. Rhf1 Qa2 23. Ng6 Qxb2# {White checkmated} 0-1

[Event "Team 45 45 League T45"]
[Site "Internet Chess Club"]
[Date "2010.06.26"]
[Round "8"]
[White "Kallistos"]
[Black "noblitz-oblige"]
[Result "1-0"]
[WhiteElo "1693"]
[BlackElo "1582"]
[Opening "Evans gambit: compromised defense"]
[ECO "C52"]
[Time "09:05:05"]
[TimeControl "2700+45"]

1. e4 e5 2. Nf3 Nc6 3. Bc4 Bc5 4. b4 Bxb4 5. c3 Ba5 6. d4 exd4 7. O-O dxc3 8.
Qb3 Qf6 9. Bg5 Qg6 10. Nxc3 Nge7 11. Nd5 f6 12. Bd2 Bb6 13. Nf4 Qg4 14. Bf7+
{Black resigns} 1-0

[Event "Team 45 45 League T45"]
[Site "Internet Chess Club"]
[Date "2010.06.25"]
[Round "8"]
[White "RD1974"]
[Black "ScotchYeti"]
[Result "1-0"]
[WhiteElo "1789"]
[BlackElo "1583"]
[Opening "Sicilian: closed"]
[ECO "B23"]
[Time "15:03:38"]
[TimeControl "2700+45"]

1. e4 c5 2. Nc3 e6 3. g3 Nc6 4. Bg2 Qc7 5. d3 Nf6 6. h3 Be7 7. Nge2 d6 8. Bf4 a6
9. a4 O-O 10. O-O b6 11. g4 Bb7 12. Ng3 Nd4 13. g5 Nd7 14. Nce2 Qc6 15. c3 Nxe2+
16. Qxe2 Rfe8 17. Be3 f6 18. h4 fxg5 19. hxg5 g6 20. f4 Qc8 21. Bh3 Qd8 22.
Bxe6+ Kh8 23. Bf7 Rf8 24. Bxg6 Bxg5 25. fxg5 Rg8 26. Bxh7 Rxg5 27. Qh2 Rxg3+ 28.
Qxg3 Qe7 29. Bg6 Rg8 30. Qh3+ Kg7 31. Qh7# {Black checkmated} 1-0

[Event "Team 45 45 League T45"]
[Site "Internet Chess Club"]
[Date "2010.06.25"]
[Round "8"]
[White "werty"]
[Black "Tamarin"]
[Result "1-0"]
[WhiteElo "1532"]
[BlackElo "1696"]
[Opening "QGD Slav: 4.e3 Bf5"]
[ECO "D12"]
[Time "05:00:15"]
[TimeControl "2700+45"]

1. d4 d5 2. Nf3 Nf6 3. e3 Bf5 4. c4 c6 5. Nc3 e6 6. Be2 Nbd7 7. O-O Bd6 8. c5
Bc7 9. b4 a6 10. Bd3 Bg6 11. Re1 O-O 12. Bxg6 fxg6 13. Bb2 Qe7 14. Qc2 b6 15.
Re2 Qf7 16. Rae1 bxc5 17. bxc5 e5 18. e4 dxe4 19. Nxe4 exd4 20. Nxf6+ Qxf6 21.
Bxd4 Qf5 22. Qc4+ Qd5 23. Qxd5+ cxd5 24. Re7 Rf7 25. Ng5 Rxe7 26. Rxe7 Nf6 27.
Rxc7 Re8 28. Kf1 h6 29. Bxf6 gxf6 30. Nf3 Rd8 31. Nd4 Re8 32. c6 Kf8 33. Rd7 Rc8
34. c7 Ke8 35. Rh7 h5 36. Nc6 f5 37. Na7 Rxc7 38. Rxc7 Kd8 39. Rg7 d4 40. Ke2 a5
41. Kd3 f4 42. Kxd4 f3 43. gxf3 g5 44. Ke4 g4 45. fxg4 {Black resigns} 1-0

[Event "Team 45 45 League T45"]
[Site "Internet Chess Club"]
[Date "2010.06.26"]
[Round "8"]
[White "Bible-Believer"]
[Black "Pablito15"]
[Result "0-1"]
[WhiteElo "1544"]
[BlackElo "1676"]
[Opening "Queen's pawn game"]
[ECO "D05"]
[Time "20:01:25"]
[TimeControl "2700+45"]

1. d4 d5 2. Nf3 Nf6 3. e3 e6 4. Bd3 Nbd7 5. O-O c5 6. b3 Qc7 7. Bb2 cxd4 8. exd4
Bd6 9. Nbd2 b6 10. Re1 Bb7 11. Ne5 Nf8 12. g4 N6d7 13. f4 f6 14. Nxd7 Kxd7 15.
f5 Bxh2+ 16. Kh1 Bg3 17. Re2 e5 18. dxe5 fxe5 19. Bb5+ Kd8 20. Nf3 a6 21. Bc4 d4
22. Bxd4 Bxf3+ 23. Kg1 exd4 24. Qxd4+ Qd6 25. Rd1 Qxd4+ 26. Rxd4+ Nd7 27. Red2
Bc6 28. Be6 Ra7 29. g5 Be5 30. R4d3 Bf4 31. Rf2 Bxg5 32. Re2 Bf4 33. Kf2 Rf8 34.
Rd4 Bb8 {White resigns} 0-1

[Event "Team 45 45 League T45"]
[Site "Internet Chess Club"]
[Date "2010.06.28"]
[Round "8"]
[White "The-Capitalist"]
[Black "supraholic"]
[Result "1-0"]
[WhiteElo "1410"]
[BlackElo "1294"]
[Opening "Ruy Lopez: old Steinitz defense"]
[ECO "C62"]
[Time "17:01:33"]
[TimeControl "2700+45"]

1. e4 e5 2. Nf3 Nc6 3. Bb5 d6 4. d4 exd4 5. Nxd4 Bd7 6. Nc3 Nf6 7. O-O Ne5 8.
Bxd7+ Qxd7 9. Re1 c5 10. Nf5 g6 11. Ne3 Bg7 12. Ned5 O-O 13. Bh6 Nxd5 14. Nxd5
f5 15. exf5 Rxf5 16. c4 Raf8 17. Bxg7 Qxg7 18. f3 Kh8 19. b3 Qh6 20. f4 Nc6 21.
Qd2 Nd4 22. h3 Rh5 23. Rf1 b5 24. Qd3 bxc4 25. bxc4 Rhf5 26. Rab1 Re8 27. Rb7 a5
28. a4 Qf8 29. Qc3 Qg7 30. Qb2 Rf7 31. Rxf7 Nf3+ 32. Rxf3 Qxb2 33. Nf6 Re1+ 34.
Kh2 Re7 35. Rxe7 Qxf6 36. Ra7 Qd4 37. Rxa5 Qxc4 38. Ra7 d5 39. f5 gxf5 40. Rxf5
Kg8 41. a5 d4 42. a6 d3 43. Rg5+ Kf8 44. Ra8+ Kf7 45. a7 Qf4+ 46. Rg3 d2 47. Rd8
Qa4 48. Rgd3 Qxa7 49. R8d7+ Qxd7 50. Rxd7+ Ke6 51. Rxd2 c4 52. Re2+ Kd5 53. Re7
h5 54. Rc7 h4 55. Rh7 c3 56. Rh5+ Kd4 57. Rxh4+ Kd3 58. Rh8 c2 59. Rc8 Kd2 60.
Rxc2+ Kxc2 61. h4 Kd3 62. h5 Ke4 63. h6 Kf5 64. h7 Ke6 65. h8=Q Kd5 66. g4 Ke4
67. g5 Kf5 68. Qf6+ Ke4 69. g6 Kd5 70. g7 Ke4 71. g8=Q Ke3 72. Qe5+ Kd3 73. Qb3+
Kd2 74. Qee3# {Black checkmated} 1-0

[Event "Team 45 45 League T45"]
[Site "Internet Chess Club"]
[Date "2010.06.26"]
[Round "8"]
[White "otib2006"]
[Black "MateIn42"]
[Result "0-1"]
[WhiteElo "1231"]
[BlackElo "1432"]
[Opening "Queen's Indian defense"]
[ECO "A47"]
[Time "10:25:40"]
[TimeControl "2700+45"]

1. d4 Nf6 2. Nf3 b6 3. e3 Bb7 4. Be2 e6 5. O-O c5 6. Nbd2 cxd4 7. Nxd4 Nc6 8.
Bf3 Qc8 9. Nxc6 Bxc6 10. Nc4 Bxf3 11. Qxf3 d5 12. Ne5 Qxc2 13. Ng4 Nxg4 14. Qxg4
b5 15. b3 Qg6 16. Qxg6 hxg6 17. a4 Bd6 18. g3 Kd7 19. Bb2 f6 20. axb5 Rhb8 21.
Ra5 Bc7 22. Ra4 Rxb5 23. b4 Bd6 24. Bc3 Rb7 25. Rb1 Rab8 26. Rba1 Bxb4 27. Bxb4
Rxb4 28. Rxb4 Rxb4 29. Rxa7+ Kd6 30. Rxg7 g5 31. Rf7 f5 32. Rg7 g4 33. Rg8 Rc4
34. Rh8 Ke5 35. h4 gxh3 36. Rxh3 Ke4 37. Rh6 e5 38. Rh4+ Kf3 39. Rh5 Kg4 40. Rh8
d4 41. Rg8+ Kf3 42. Rf8 d3 43. Rxf5+ Ke2 44. Rxe5 d2 45. Rd5 d1=Q+ 46. Rxd1 Kxd1
47. Kg2 Ke2 48. Kh3 Kxf2 49. g4 Kxe3 50. g5 Kf3 51. g6 Rg4 52. Kh2 Rxg6 53. Kh1
Kf2 54. Kh2 Rh6# {White checkmated} 0-1

[Event "Team 45 45 League T45"]
[Site "Internet Chess Club"]
[Date "2010.06.27"]
[Round "8"]
[White "PsyMar"]
[Black "KidRattler"]
[Result "0-1"]
[WhiteElo "1222"]
[BlackElo "1075"]
[Opening "Scotch game"]
[ECO "C45"]
[Time "11:59:22"]
[TimeControl "2700+45"]

1. e4 e5 2. Nf3 Nc6 3. d4 exd4 4. Nxd4 Nxd4 5. Qxd4 d6 6. Bc4 Nf6 7. e5 dxe5 8.
Qxe5+ Qe7 9. Qxe7+ Bxe7 10. O-O O-O 11. Re1 Bc5 12. Be3 Bxe3 13. fxe3 Bf5 14.
Bd3 Bxd3 15. cxd3 Rad8 16. d4 g6 17. Nd2 c5 18. Nf3 cxd4 19. exd4 Rde8 20. Rac1
Rxe1+ 21. Rxe1 Re8 22. Rxe8+ Nxe8 23. d5 Nf6 24. d6 Kf8 25. Ne5 Ke8 26. g4 Nd7
27. Nxd7 Kxd7 28. g5 Kxd6 29. Kf2 Ke5 30. Kf3 Kf5 31. h4 f6 32. gxf6 Kxf6 33.
Kf4 h6 34. b4 g5+ 35. hxg5+ hxg5+ 36. Kg4 Ke5 37. Kxg5 Kd4 38. Kf6 Kc4 39. a3
Kb3 40. Ke7 Kxa3 41. Kd6 Kxb4 42. Kc7 a5 43. Kxb7 a4 44. Kb6 a3 45. Kc6 a2 46.
Kb7 a1=Q 47. Kb8 Kb5 48. Kc8 Qg7 49. Kd8 Kc6 50. Ke8 Kd6 51. Kd8 Qd7# {White
checkmated} 0-1

[Event "Team 45 45 League T45"]
[Site "Internet Chess Club"]
[Date "2010.06.26"]
[Round "8"]
[White "easycure"]
[Black "vnchess"]
[Result "0-1"]
[WhiteElo "2350"]
[BlackElo "2301"]
[Opening "King's Indian: orthodox, Aronin-Taimanov variation (Yugoslav attack / Mar del Plata variation)"]
[ECO "E97"]
[Time "21:11:04"]
[TimeControl "2700+45"]

1. d4 Nf6 2. c4 g6 3. Nc3 Bg7 4. e4 d6 5. Nf3 O-O 6. Be2 e5 7. O-O Nc6 8. d5 Ne7
9. Bg5 h6 10. Bxf6 Bxf6 11. b4 g5 12. Nd2 Ng6 13. Bg4 Bxg4 14. Qxg4 Qc8 15. Qxc8
Raxc8 16. g3 Be7 17. Rac1 g4 18. Rc2 Kg7 19. f3 h5 20. fxg4 hxg4 21. Rf5 Bf6 22.
c5 Ne7 23. Rf1 Bg5 24. Nc4 Rfd8 25. Nd1 b5 26. Nce3 c6 27. cxd6 Rxd6 28. dxc6
Rd4 29. Nxg4 Rxe4 30. Ndf2 Rxb4 31. Nxe5 f6 32. Nf3 Rxc6 33. Re2 Ng6 34. Nxg5
fxg5 35. Rd1 Rc7 36. Rd5 Kh6 37. h3 Re7 38. Ng4+ Rxg4 39. Rxe7 Rxg3+ 40. Kh2
Nxe7 41. Rd6+ Kh5 42. Kxg3 Nf5+ {White resigns} 0-1

[Event "Team 45 45 League T45"]
[Site "Internet Chess Club"]
[Date "2010.06.28"]
[Round "8"]
[White "pestka"]
[Black "Ser-Enigma"]
[Result "1-0"]
[WhiteElo "2229"]
[BlackElo "2137"]
[Opening "QGA: classical variation"]
[ECO "D26"]
[Time "07:06:54"]
[TimeControl "2700+45"]

1. d4 Nf6 2. Nf3 d5 3. c4 dxc4 4. e3 e6 5. Bxc4 c5 6. dxc5 Qxd1+ 7. Kxd1 Ne4 8.
Ke2 Bxc5 9. Nbd2 Nd6 10. Bd3 Nc6 11. a3 a5 12. b3 O-O 13. Bb2 Bd7 14. Rac1 Ba7
15. Rhd1 Rfd8 16. Ng5 h6 17. Nge4 Nxe4 18. Nxe4 Ne7 19. Nc3 Bc6 20. Be4 f5 21.
Bxc6 bxc6 22. Nb1 Rxd1 23. Kxd1 Rb8 24. Nd2 a4 25. Be5 Rd8 26. bxa4 Rd5 27. Bc7
Rd3 28. Ke2 Rd7 29. Ba5 Rd5 30. Bb4 c5 31. Bc3 Rd7 32. Rb1 Nd5 33. Be5 Bb6 34.
Nc4 Bd8 35. a5 Kh7 36. a6 Be7 37. Nb6 Rd8 38. Nxd5 exd5 39. Rb8 Rd7 40. Rb7 Bd6
41. Rxd7 Bxe5 42. Rxd5 {Black resigns} 1-0

[Event "Team 45 45 League T45"]
[Site "Internet Chess Club"]
[Date "2010.06.27"]
[Round "8"]
[White "jorobo"]
[Black "SlimeDog2"]
[Result "0-1"]
[WhiteElo "2140"]
[BlackElo "2181"]
[Opening "English: symmetrical variation"]
[ECO "A34"]
[Time "01:12:19"]
[TimeControl "2700+45"]

1. c4 c5 2. Nc3 b6 3. Nf3 Bb7 4. d4 cxd4 5. Nxd4 Nf6 6. f3 d6 7. e4 Nbd7 8. Be3
a6 9. Be2 e6 10. Qd2 Be7 11. O-O O-O 12. Rfd1 Qc7 13. Rac1 Rac8 14. Bf1 Qb8 15.
Qf2 Rfe8 16. a3 g6 17. b4 Ba8 18. Nb3 Bd8 19. Rb1 Ne5 20. c5 dxc5 21. Bxa6 cxb4
22. Bxc8 bxc3 23. Ba6 Neg4 24. fxg4 Nxg4 25. Qf4 Qxf4 26. Bxf4 c2 27. Bb5 Rf8
28. Bd6 Bxe4 29. Nd2 cxb1=Q 30. Nxb1 Bg5 31. Bxf8 Kxf8 32. Nc3 Bc2 33. Rd7 Be3+
34. Kf1 Bc5 35. a4 Ne3+ 36. Ke2 Nxg2 37. Bc6 Ne3 38. Ne4 Bxe4 39. Bxe4 Ng4 40.
h3 Nf6 {White resigns} 0-1

[Event "Team 45 45 League T45"]
[Site "Internet Chess Club"]
[Date "2010.06.29"]
[Round "8"]
[White "AugustoCaruso"]
[Black "MaartenKoning"]
[Result "1-0"]
[WhiteElo "2259"]
[BlackElo "2277"]
[Opening "Center game: Berger variation"]
[ECO "C22"]
[Time "14:05:52"]
[TimeControl "2700+45"]

1. e4 e5 2. d4 exd4 3. Qxd4 Nc6 4. Qe3 Nf6 5. Nc3 Be7 6. Bc4 d6 7. Bd2 Be6 8.
Bxe6 fxe6 9. O-O-O Qd7 10. Nge2 O-O 11. f4 d5 12. Qh3 d4 13. Be3 Bc5 14. Nb5
Nxe4 15. Nexd4 Qf7 16. Rhe1 Nxd4 17. Nxd4 Rae8 18. Qf3 Qg6 19. Bg1 Bxd4 20. Bxd4
Nd6 21. Be5 Nc4 22. g3 Nxe5 23. Rxe5 c6 24. Qb3 Qf7 25. Rd6 Re7 26. Rdxe6 Rd7
27. Qe3 b6 28. h4 c5 29. b3 h6 30. h5 Kh7 31. Qe4+ Kg8 32. Qg6 Qxg6 33. hxg6 Rc7
34. Kb2 Rd7 35. a4 Rc7 36. Kc3 Rd7 37. a5 Rb7 38. axb6 Rxb6 39. Kc4 Rxe6 40.
Rxe6 h5 41. Kxc5 Rc8+ 42. Kd6 {Black resigns} 1-0

[Event "Team 45 45 League T45"]
[Site "Internet Chess Club"]
[Date "2010.06.28"]
[Round "8"]
[White "Gil-galad"]
[Black "nb"]
[Result "0-1"]
[WhiteElo "2117"]
[BlackElo "2103"]
[Opening "Catalan opening"]
[ECO "E00"]
[Time "14:30:06"]
[TimeControl "2700+45"]

1. d4 Nf6 2. c4 e6 3. g3 d5 4. Nf3 Bb4+ 5. Bd2 Be7 6. Bg2 O-O 7. O-O c6 8. Qc2
b6 9. Rd1 Ba6 10. b3 Nbd7 11. a4 c5 12. Na3 Bb7 13. Qb2 Ne4 14. Be1 Bf6 15. e3
Qe7 16. Rac1 Rfd8 17. b4 Rab8 18. Ne5 cxd4 19. exd4 a6 20. f3 Nd6 21. c5 bxc5
22. bxc5 Bxe5 23. dxe5 Nf5 24. Bf2 d4 25. Qc2 Nxe5 {White resigns} 0-1